 Dungeon Crawl Stone Soup version 0.31.0-9-g3a7656b989 (webtiles) character file.

Game seed: 16711042300960925829

120 qw the Shooter (level 4, -2/23 HPs)
             Began as a Spriggan Hunter on Feb 2, 2024.
             Slain by a sleepcap (10 damage)
             ... on level 3 of the Dungeon.
             The game lasted 00:00:10 (2451 turns).

qw the Shooter (Spriggan Hunter)                    Turns: 2451, Time: 00:00:10

Health: -2/23      AC:  2    Str:  7    XL:     4   Next: 75%
Magic:  5/5        EV:  4    Int: 10    God:
Gold:   204        SH:  0    Dex: 20    Spells: 3/3 levels left

rFire   + . .        a - +0 shortbow
rCold   . . .        (shield currently unavailable)
rNeg    . . .        c - +0 robe
rPois   .            (helmet restricted)
rElec   .            (no cloak)
rCorr   .            (gloves unavailable)
SInv    +            (boots unavailable)
Will    +....        (no amulet)
Stlth   ++           f - ring "Urip" {rF+ SInv}
HPRegen 0.23/turn    l - ring of willpower
MPRegen 0.09/turn

%: no passive effects
@: sleeping, very quick
A: very small, no large weapons, unfitting armour, see invisible, speed 3
a: no special abilities


You were on level 3 of the Dungeon.
You visited 1 branch of the dungeon, and saw 4 of its levels.

You collected 204 gold pieces.


Innate Abilities, Weirdness & Mutations

You are very small and have problems with some larger weapons.
You are too small for most types of armour.
You have supernaturally acute eyesight. (SInv)
You cover ground extremely quickly. (Speed+++)


   Skills:
 - Level 2.0 Fighting
 + Level 5.0 Ranged Weapons
 - Level 5.0 Dodging
 - Level 1.5 Stealth


You had 3 spell levels left.
You didn't know any spells.
Your spell library was empty.

Inventory:

Hand Weapons
 a - a +0 shortbow (weapon)
Armour
 c - a +0 robe (worn)
Jewellery
 d - a ring of resist corrosion
 e - a ring of ice
 f - the ring "Urip" (left hand) {rF+ SInv}
   (You found it on level 2 of the Dungeon)

   [ring of see invisible]

   rF+:       It protects you from fire.
   SInv:      It lets you see invisible.
 l - a ring of willpower (right hand)
 Y - a ring of resist corrosion
Potions
 g - a potion of resistance
 h - a potion of curing
 j - a potion of might {unknown}
 k - a potion of haste

Dungeon Overview and Level Annotations

Branches:
Dungeon (4/15)
 Temple: D:4-7

Altars:
Fedhas
Uskayaw


Message History

The shadow imp misses you. The sleepcap misses you.
You shoot an arrow. The arrow hits the shadow imp.
The shadow imp is severely wounded.
The ball python completely misses you. x2; The shadow imp barely misses you.
The sleepcap closely misses you.
You shoot an arrow. The arrow hits the shadow imp.
You kill the shadow imp!
The ball python misses you. The ball python closely misses you.
The sleepcap barely misses you. The ball python misses you. x2
Your Fighting skill increases to level 2!
You shoot an arrow. The arrow hits the sleepcap.
The sleepcap is lightly damaged.
The ball python barely misses you. The ball python grabs you.
The ball python constricts you. The sleepcap misses you.
You shoot an arrow.
The arrow barely misses the ball python.
The ball python closely misses you. The ball python constricts you.
The sleepcap completely misses you. The ball python completely misses you.
The ball python constricts you.
You shoot an arrow.
The arrow closely misses the ball python.
The sleepcap completely misses you. The ball python misses you.
The ball python constricts you.
You shoot an arrow. The arrow hits the ball python.
You kill the ball python!
The sleepcap closely misses you.
You shoot an arrow. The arrow hits the sleepcap.
The sleepcap is moderately damaged.
The sleepcap releases spores at you! The sleepcap closely misses you.
You shoot an arrow.
The arrow hits the sleepcap but does no damage.
The sleepcap is moderately damaged.
The sleepcap completely misses you.
You shoot an arrow. The arrow hits the sleepcap.
The sleepcap is moderately damaged.
The sleepcap releases spores at you.
You are engulfed in a cloud of soporific spores!
You fall asleep.
The sleepcap releases spores at you!
You die...

#####################
#..................).
#.#############.#####
##.## #.# # ##.#.##
###.# ##.###.##
#...##### #.## ##.#
###.#.>.... ##.###f.#
###(......###
##.#.#@# #.........#
# ##.##.# #.#.......#
# ####.#
#.###...##### #.# #.#
#.....).. #.# #.#
######### #.# #.#
##.....%. #.# #.#
#...##### #.# #.#
#..##...} #.# #.#
#[.#.)_..


You could see a sleepcap.

Vanquished Creatures
  2 adders
  A shadow imp (D:3)
  2 ribbon worms (D:2)
  2 dart slugs
  7 orcs
  10 ball pythons
  7 endoplasms
  2 giant cockroaches
  4 goblins
  11 hobgoblins
  2 jackals (D:2)
  3 quokkas
  3 bats
  7 kobolds
  10 rats
73 creatures vanquished.

Notes
Turn   | Place    | Note
-------+----------+-------------------------------------------
     0 | D:1      | qw the Spriggan Hunter began the quest for the Orb.
     0 | D:1      | Reached XP level 1. HP: 10/10 MP: 2/2
     0 | D:1      | 0 ||| qw: Version: 0.3-a-155-g5e7d8dd
     0 | D:1      | 0 ||| qw: Game counter: 1926
     0 | D:1      | 0 ||| qw: Melee chars always use a shield: true
     0 | D:1      | 0 ||| qw: God list: Okawaru
     0 | D:1      | 0 ||| qw: Allow faded altars: false
     0 | D:1      | 0 ||| qw: Do Orc after clearing Dungeon:15 true
     0 | D:1      | 0 ||| qw: Do second Lair branch before Depths: true
     0 | D:1      | 0 ||| qw: Lair rune preference: random
     0 | D:1      | 0 ||| qw: Goals: Normal
     0 | D:1      | 0 ||| PLANNING D:1-11
    29 | D:1      | Reached skill level 3 in Dodging
   169 | D:1      | Reached XP level 2. HP: 14/14 MP: 3/3
   683 | D:1      | 683 ||| READING scroll labelled MOPREU XOCRE.
   684 | D:1      | 684 ||| READING 3 scrolls labelled ZATARCHATYF.
   684 | D:1      | 684 ||| IDENTIFYING scroll labelled DEAXYICZAM
   685 | D:1      | 685 ||| DROPPING scroll of butterflies.
   686 | D:1      | 686 ||| DROPPING scroll of noise.
   714 | D:2      | Reached XP level 3. HP: 18/18 MP: 4/4
   918 | D:2      | Identified the ring "Urip" {rF+ SInv}
  1050 | D:2      | Reached XP level 4. HP: 22/22 MP: 5/5
  1581 | D:2      | 1581 ||| UPGRADING to ring "Urip" {rF+ SInv}.
  1582 | D:2      | 1582 ||| UPGRADING to ring of resist corrosion.
  1583 | D:2      | 1583 ||| UPGRADING to ring of willpower.
  1585 | D:2      | 1585 ||| READING 2 scrolls of identify.
  1585 | D:2      | 1585 ||| IDENTIFYING bubbling red potion
  1586 | D:2      | 1586 ||| READING scroll of identify.
  1586 | D:2      | 1586 ||| IDENTIFYING yellow potion
  1587 | D:2      | 1587 ||| READING scroll labelled POSHUDGHOWN.
  1591 | D:2      | 1591 ||| READING scroll labelled ECINLOTEUKK.
  1592 | D:2      | 1592 ||| DRINKING 2 fuming grey potions.
  1593 | D:2      | 1593 ||| DROPPING potion of invisibility.
  2243 | D:3      | Found a blossoming altar of Fedhas.
  2264 | D:3      | Found a hide-covered altar of Uskayaw.
  2311 | D:3      | 2311 ||| READING scroll of identify.
  2311 | D:3      | 2311 ||| IDENTIFYING murky amethyst potion
  2312 | D:3      | 2312 ||| READING scroll labelled KYWEDEEBAC.
  2313 | D:3      | 2313 ||| READING scroll labelled YSSESTABLUTEL.
  2315 | D:3      | 2315 ||| Stepping ~*~*~tactically~*~*~ (cloud).
  2436 | D:4      | 2436 ||| STAIRDANCE
  2451 | D:3      | Slain by a sleepcap

Levels and vault maps discovered:
D:1:      dpeg_arrival_boxorama, layout_basic, serial_bayou_pond_d,
          dreamdust_mushroom_princess
D:2:      minmay_inner_zag, layout_loops_ring, kennysheep_generic_room_6
D:3:      layout_loops_ring, jmf_multi_god_temple2
D:4:      layout_loops_ring, kennysheep_little_box, uniq_eustachio, uniq_edmund,
          uniq_crazy_yiuf_cottage

Skill      XL: |  1  2  3  4 |
---------------+-------------+-----
Dodging        | 3 4 5 |  5.0
Ranged Weapons | 5 |  5.0
Fighting       | 2 |  2.0
Stealth        | |  1.5

Action                     |  1- 3 |  4- 6 || total
---------------------------+-------+-------++-------
   Fire: Shortbow          |   133 |    97 ||   230
    Use: Scroll            |     2 |     7 ||     9
         Potion            |       |     1 ||     1
 Armour: Robe              |    10 |    13 ||    23
  Dodge: Dodged            |    42 |    70 ||   112

Table legend:
 A = Non-vault XP
 B = Vault XP
 C = Vault XP percentage of total XP
 D = Non-vault monster count
 E = Vault monster count
 F = Vault count percentage of total count
                 A         B        C        D         E       F
            +---------+---------+-------+---------+---------+-------
      Total |     149 |      23 |  13.4 |      62 |      11 |  15.1
            +---------+---------+-------+---------+---------+-------
        D:1 |      40 |       0 |   0.0 |      24 |       0 |   0.0
        D:2 |      61 |      18 |  22.8 |      25 |       9 |  26.5
        D:3 |      48 |       5 |   9.4 |      13 |       2 |  13.3
            +---------+---------+-------+---------+---------+-------
